 Dungeon Crawl Stone Soup version 0.29-a0-275-g389c0b56f3 (webtiles) character file.

Game seed: 2203039160355061616

2601 ders the Geomancer (level 9, -5/73 HPs)
             Began as a Gargoyle Earth Elementalist on Mar 12, 2022.
             Was an Initiate of Vehumet.
             Shot with an arrow by a centaur warrior (19 damage)
             ... on level 7 of the Dungeon.
             The game lasted 00:08:27 (7404 turns).

ders the Geomancer (Gargoyle Earth Elementalist)    Turns: 7404, Time: 00:08:27

Health: -5/73      AC: 24    Str: 11    XL:     9   Next: 59%
Magic:  2/19       EV:  2    Int: 21    God:    Vehumet [......]
Gold:   363        SH:  0    Dex: 10    Spells: 17/21 levels left

rFire   . . .      SeeInvis .   D - staff of conjuration
rCold   . . .      Faith    .   k - orb {guile}
rNeg    + . .      Spirit   .   (body armour currently unavailable)
rPois   ∞          Reflect  .   (helmet currently unavailable)
rElec   .          Harm     .   (cloak currently unavailable)
rCorr   .          Rampage  .   (gloves currently unavailable)
Will    .....      NoTele   +   (boots currently unavailable)
Stlth   ++........              (no amulet)
HPRegen 0.22/turn               (no ring)
MPRegen 0.16/turn               (no ring)

@: tree-form
A: stationary, stasis, torment immunity, boosted hp, sickness immunity, AC +6,
negative energy resistance 1, (electricity resistance), torment resistance 1,
petrification resistance
a: Renounce Religion


You were on level 7 of the Dungeon.
You worshipped Vehumet.
Vehumet was noncommittal.
You were a tree.
You visited 2 branches of the dungeon, and saw 8 of its levels.

You collected 363 gold pieces.

Inventory:

Missiles
 u - 121 stones
Armour
 a - a +2 buckler
 b - a +0 robe (melded)
 k - an orb of guile (worn)
 s - the +3 pair of seven-league boots {Rampage+∞}
   (You found it on level 2 of the Dungeon)

   Its wearer moves as far as possible in that direction when moving towards
   enemies.
 y - a scarf of repulsion (melded)
Magical Staves
 h - a staff of cold
 D - a staff of conjuration (weapon)
Jewellery
 E - a +4 ring of evasion
Wands
 A - a wand of digging (3)
 C - a wand of iceblast (5)
Scrolls
 c - 2 scrolls of torment
 d - 6 scrolls of identify
 e - 5 scrolls of fog
 i - 2 scrolls of noise
 j - 5 scrolls of immolation
 m - 2 scrolls of vulnerability {unknown}
 p - 3 scrolls of magic mapping
 q - 2 scrolls of teleportation {unknown}
 t - 2 scrolls of silence {unknown}
 z - a scroll of enchant weapon {unknown}
 B - a scroll of brand weapon {unknown}
Potions
 g - 2 potions of brilliance {unknown}
 l - 4 potions of curing {unknown}
 n - a potion of mutation {unknown}
 o - 2 potions of attraction {unknown}
 r - 2 potions of resistance {unknown}
 v - a potion of haste {unknown}
 w - 2 potions of heal wounds {unknown}
 x - a potion of degeneration {unknown}


   Skills:
 - Level 2.4 Fighting
 - Level 1.5 Dodging
 - Level 2.1 Stealth
 + Level 6.9 Spellcasting
 + Level 7.8 Conjurations
 - Level 0.7 Transmutations
 + Level 9.4 Earth Magic


You had 17 spell levels left.
You knew the following spells:

 Your Spells              Type           Power      Damage    Failure   Level
a - Sandblast             Erth           92%        2d19      1%          1
b - Stone Arrow           Conj/Erth      100%       3d13      1%          3

Your spell library contained the following spells:

 Spells                   Type           Power      Damage    Failure   Level
 Passwall                 Tmut/Erth      23%        N/A       1%          2
 Dazzling Flash           Conj/Hex       70%        N/A       5%          3
 Petrify                  Tmut/Erth      28%        N/A       11%         4
 Iskenderun's Mystic Bla  Conj/Tloc      35%        2d8       19%         4
 Starburst                Conj/Fire      17%        6d6       95%         6


Dungeon Overview and Level Annotations

Branches:
Dungeon (7/15)             Temple (1/1) D:7

Altars:
Ashenzari
Cheibriados
Dithmenos
Elyvilon
Fedhas
Gozag
Hepliaklqana
Kikubaaqudgha
Makhleb
Nemelex Xobeh
Okawaru
Qazlal
Ru
Sif Muna
Trog
Uskayaw
Vehumet
Wu Jian
Xom
Yredelemnul
Zin

Shops:
D:1 :

Annotations:
D:3 2 runed translucent doors, SirDiesAlot's ghost, amateur MiFi
D:4 3 runed translucent doors, Esekla's ghost, amateur OpDe; Patoropollo's ghost, amateur DECj; frimble's ghost, amateur DjCA


Innate Abilities, Weirdness & Mutations

You are a tree.
Your roots penetrate the ground, keeping you stationary.
You cannot be teleported.
You are immune to unholy pain and torment.
Your maximum health is greatly increased.
Your equipment is partially melded.
You are immune to sickness and miasma.
((Your stone body is resilient. (AC +6)))
You are immune to poison.
You resist negative energy. (rN+)
((You are resistant to electric shocks. (rElec)))
You are resistant to unholy torment.
You are immune to petrification.


Message History

Unknown command.
Casting: Sandblast (safe; 1% risk of failure)
Confirm with . or Enter, or press ? or * to list all spells.
Aiming: Sandblast (safe; 1% risk of failure)
Press: ? - help, Shift-Dir - straight line, f/p - orc warrior
Aim: an orc warrior, wielding a +0 trident and wearing a +0 chain mail (lightly wounded, 81% to hit)
The blast of sand hits the orc warrior.
The orc warrior is moderately wounded.
The centaur warrior shouts!
A bullfrog comes into view.
The orc warrior hits you from afar with a +0 trident.
Unknown command.
The centaur warrior unwields a +0 spear.
The centaur warrior wields a +0 shortbow.
The centaur warrior shoots an arrow.
The arrow closely misses you.
As you read the scroll labelled NOJAR HARA, it crumbles to dust.
The scroll dissolves into smoke.
It was a scroll of fog.
The centaur warrior shoots an arrow.
The arrow barely misses you.
As you read the scroll labelled VEOM ZOEZUCOPH, it crumbles to dust.
Your body is wracked with pain!
It was a scroll of torment.
As you read the scroll labelled YZATWI COROH, it crumbles to dust.
You hear a loud clanging noise!
It was a scroll of noise.
You hear a howl!
You hear a croak.
You hear a roar!
You hear a shout!
The centaur warrior shoots an arrow.
The arrow closely misses you.
As you read the scroll labelled CEILUCV UP QAM, it crumbles to dust.
You feel aware of your surroundings.
It was a scroll of magic mapping.
The centaur warrior shoots an arrow.
The arrow hits you!
* * * LOW HITPOINT WARNING * * *
The centaur warrior shoots an arrow.
The arrow barely misses you.
Really quaff the potion of lignification? [Y]es or [N]o only, please.
Really quaff the potion of lignification?
You turn into a tree.
Your scarf of repulsion melds into your body.
Your +0 robe melds into your body.
The haze of the repulsion field disappears.
Your roots penetrate the ground.
The centaur warrior shoots an arrow.
The arrow hits you!!
You die...

..........# #..#................
....#.#(### #.,##.###..#####..#.
##..#.#.# #.,*#.# #..# #..#.
##..#.#.#****#,,*#.#*#..#####..#.
....,,,,,,,,,,<,,...,............
######******##****##########..##.
..†..# **,,♣.* *♣§.♣ ♣.♣ #..##.
†♣♣♣♣♣***,,*♣.*♣♣§§♣♣♣♣♣.♣♣#..##.
...♣*,,*,,**♣.♣♣♣§♣♣....♣.)...##.
.♣♣♣♣♣*..♣♣♣♣.♣§§♣♣.♣♣♣♣.♣♣#..##.
.....#,.......c§§§.♣♣ ♣.♣ #..##.
######*#####♣.♣#####* ### #.....
**,****≈≈≈≈≈♣c*≈≈≈≈≈****,**#.....
*,*,**≈≈≈≈≈≈♣o*≈≈≈≈≈≈**,≈,*##.#..
,***,*≈≈≈≈≈,..,,≈≈≈≈≈*,≈≈≈,##.#.#
*,*,**≈≈≈≈,,.≈,,,≈≈≈≈**,≈,*#.....
**,***≈≈≈,,.F≈≈,,,≈≈≈***,**#..#.#


You could see a centaur warrior.

Vanquished Creatures
  2 slime creatures (D:7)
  A yak (D:7)
  A shadow (D:5)
  A vampire mosquito (D:7)
  2 water moccasins (D:7)
  An orc warrior (D:5)
  2 sky beasts
  2 ogres
  A centaur (D:7)
  2 phantoms (D:5)
  A necrophage (D:6)
  2 bullfrogs (D:7)
  5 wights (D:6)
  3 hounds
  2 orc priests (D:5)
  An iguana (D:4)
  2 orc wizards
  4 gnolls (D:5)
  9 adders
  2 white imps
  3 worms
  A dart slug (D:1)
  15 orcs
  5 bats
  7 endoplasms
  5 giant cockroaches
  2 goblins
  2 hobgoblins
  6 jackals (D:3)
  8 kobolds
  3 quokkas
  6 ball pythons
  5 frilled lizards
  5 rats
119 creatures vanquished.

Vanquished Creatures (others)
  4 plants (D:7)
  4 withered plants (D:4)
8 creatures vanquished.

Grand Total: 127 creatures vanquished

Notes
Turn   | Place    | Note
-------+----------+-------------------------------------------
     0 | D:1      | ders the Gargoyle Earth Elementalist began the quest for
                  | the Orb.
     0 | D:1      | Reached XP level 1. HP: 10/10 MP: 3/3
   126 | D:1      | Reached XP level 2. HP: 5/15 MP: 0/5
   326 | D:1      | Reached skill level 1 in Conjurations
   500 | D:1      | Reached skill level 4 in Earth Magic
   634 | D:1      | Found Kisuiklo's Book Boutique.
   750 | D:1      | Reached XP level 3. HP: 19/19 MP: 4/6
   888 | D:2      | Found a faded altar of an unknown god.
  1089 | D:2      | Learned a level 3 spell: Stone Arrow
  1299 | D:2      | Found the +3 pair of seven-league boots {Rampage+∞}
  1468 | D:2      | Reached XP level 4. HP: 20/24 MP: 1/8
  1847 | D:3      | Found a large runed translucent door.
  1848 | D:3      | Found a large runed translucent door.
  2059 | D:3      | Reached skill level 1 in Fighting
  2155 | D:3      | Reached XP level 5. HP: 28/29 MP: 2/9
  2861 | D:3      | Noticed SirDiesAlot's ghost (amateur MiFi)
  3385 | D:4      | Reached skill level 5 in Earth Magic
  3592 | D:4      | Found a runed translucent gate.
  3598 | D:4      | Found a runed translucent gate.
  3599 | D:4      | Found a runed translucent gate.
  3601 | D:4      | Noticed frimble's ghost (amateur DjCA)
  3602 | D:4      | Noticed Esekla's ghost (amateur OpDe)
  3602 | D:4      | Noticed Patoropollo's ghost (amateur DECj)
  3802 | D:4      | You fall into a shaft and drop 1 floor!
  3802 | D:5      | Entered Level 5 of the Dungeon
  3804 | D:5      | Noticed an orc warrior
  3808 | D:5      | Killed an orc warrior
  3809 | D:5      | Reached XP level 6. HP: 36/36 MP: 6/11
  3966 | D:5      | Noticed a sky beast
  4025 | D:4      | Killed a sky beast
  4026 | D:4      | Reached XP level 7. HP: 34/40 MP: 0/12
  4231 | D:5      | Reached skill level 6 in Earth Magic
  4576 | D:5      | Reached skill level 5 in Conjurations
  4683 | D:5      | Reached XP level 8. HP: 45/45 MP: 5/15
  5056 | D:5      | Noticed a shadow
  5057 | D:5      | Killed a shadow
  5058 | D:5      | Reached skill level 5 in Spellcasting
  5058 | D:5      | Reached skill level 7 in Earth Magic
  6184 | D:7      | Reached skill level 8 in Earth Magic
  6581 | D:7      | Reached XP level 9. HP: 49/49 MP: 10/18
  6896 | D:7      | Found a staircase to the Ecumenical Temple.
  6962 | Temple   | Entered the Ecumenical Temple
  7257 | Temple   | Became a worshipper of Vehumet
  7352 | D:7      | Reached skill level 9 in Earth Magic
  7396 | D:7      | Noticed a centaur warrior
  7404 | D:7      | Shot with an arrow by a centaur warrior

Illustrated notes

Levels and vault maps discovered:
D:1:      dpeg_arrival_tiny_d, layout_basic, serial_shops, shop
D:2:      layout_basic, hellmonk_ecumenical_altar_blasted,
          kennysheep_another_room
D:3:      layout_rooms, ebering_ghost_disaster_area, chequers_arboretum
D:4:      layout_rooms, gammafunk_ghost_cemetery, chequers_serial_rivers_micro_d
D:5:      layout_basic
D:6:      layout_loops_cross
D:7:      nzn_winding_woodlands_large [nzn_winding_woodlands_5x5_three,
          nzn_winding_woodlands_5x15_pockets, nzn_winding_woodlands_5x5_cross,
          nzn_winding_woodlands_center_diamonds,
          nzn_winding_woodlands_15x15_eel_pit,
          nzn_winding_woodlands_center_triple_pond,
          nzn_winding_woodlands_5x5_default, nzn_winding_woodlands_5x15_default,
          nzn_winding_woodlands_5x5_default], layout_basic,
          minmay_temple_entry_butterflies
Temple:   mainiacjoe_temple_circle_huts

Skill      XL: |  1  2  3  4  5  6  7  8  9 |
---------------+----------------------------+-----
Conjurations   | 1 2 3 5 6 7 |  7.8
Earth Magic    | 4 5 6 8 9 |  9.4
Fighting       | 1 2 |  2.4
Spellcasting   | 3 4 6 |  6.9
Dodging        | |  1.5
Stealth        | |  2.1
Transmutations | |  0.7

Action                   |  1- 3 |  4- 6 |  7- 9 || total
-------------------------+-------+-------+-------++-------
Melee: Unarmed           |     9 |       |       ||     9
       Staff             |    16 |    71 |     7 ||    94
 Cast: Sandblast         |    38 |    23 |    25 ||    86
       Stone Arrow       |     4 |    38 |    65 ||   107
  Use: Scroll            |     1 |       |     4 ||     5
       Potion            |       |     1 |     1 ||     2
Armor: Robe              |    20 |    54 |    12 ||    86
Dodge: Dodged            |    24 |    72 |    26 ||   122

Table legend: (Time is in decaauts)
 A = Elapsed time spent in this place.
 B = Non-inter-level travel time spent in this place.
 C = Inter-level travel time spent in this place.
 D = Time resting spent in this place.
 E = Time spent auto-exploring this place.
 F = Levels seen in this place.
 G = Mean time per level.
                   A        B        C        D        E       F      G
               +--------+--------+--------+--------+--------+-----+--------+
         Total |   7423 |   7206 |    217 |   1444 |   4979 |   8 |  927.9 |
       Dungeon |   7107 |   6923 |    184 |   1444 |   4719 |   7 | 1015.3 |
        Temple |    316 |    283 |     33 |      0 |    260 |   1 |  316.0 |
               +--------+--------+--------+--------+--------+-----+--------+

Top non-repeatable levels by time:
     D:3: 1210 daAuts
     D:7: 1152 daAuts
     D:5: 1059 daAuts
     D:4: 1003 daAuts
     D:2: 962 daAuts
     D:1: 887 daAuts
     D:6: 831 daAuts
  Temple: 316 daAuts
